 Dungeon Crawl Stone Soup version 0.30-a0-585-g93115170b9 (webtiles) character file.

Game seed: 15376804685312957912

741 Sabo the Covered (level 7, -2/62 HPs)
             Began as an Armataur Fighter on Jan 1, 2023.
             Was a Believer of Qazlal.
             Succumbed to an orc wizard's poison
             ... on level 5 of the Dungeon.
             The game lasted 00:22:50 (4424 turns).

Sabo the Covered (Armataur Fighter)                 Turns: 4424, Time: 00:22:50

Health: -2/62      AC:  8    Str: 16 (22) XL:     7   Next: 47%
Magic:  7/7        EV: 12    Int: 10 (12) God:    Qazlal [**....]
Gold:   203        SH:  6    Dex:  7 (9)  Spells: 6/6 levels left

rFire   . . .      SeeInvis .    a - +4 long sword
rCold   . . .      Faith    .    c - +0 buckler
rNeg    . . .      Spirit   .    b - +0 scale mail
rPois   .          Reflect  .    (no helmet)
rElec   .          Harm     .    f - +0 cloak
rCorr   .          Roll     +    (no gloves)
Will    +....                    (no barding) Stlth
                                 (no amulet)
HPRegen 0.30/turn                e - +5 ring of evasion
MPRegen 0.10/turn                d - ring of flight

@: lethally poisoned (-2 -> -18), flying
A: large, rugged brown scales 3, deformed body, armoured tail, roll, long
tongue, awkward tongue, stinger 1, clever 1, strong-willed 1, inability to drink
after injury 1
a: Renounce Religion, Upheaval


You were on level 5 of the Dungeon.
You worshipped Qazlal.
Qazlal was pleased with you.
You visited 1 branch of the dungeon, and saw 5 of its levels.

You collected 203 gold pieces.

Inventory:

Hand Weapons
 a - a +4 long sword (weapon)
 l - a +0 sling
Missiles
 h - 7 poisoned darts (quivered)
Armour
 b - a +0 scale mail (worn)
 c - a +0 buckler (worn)
 f - a +0 cloak (worn)
Jewellery
 d - a ring of flight (right hand)
 e - a +5 ring of evasion (left hand)
Wands
 q - a wand of quicksilver (6)
Scrolls
 i - a scroll of teleportation
 k - 2 scrolls of fog
Potions
 m - a potion of haste
 o - a potion of heal wounds {unknown}
 p - a potion of attraction {unknown}


   Skills:
 + Level 3.6 Fighting
 + Level 5.1 Long Blades
 + Level 0.6 Throwing
 + Level 6.1 Armour
 + Level 1.2 Dodging
 + Level 1.6 Stealth
 + Level 4.4 Shields


You had 6 spell levels left.
You didn't know any spells.
Your spell library contained the following spells:

 Spells                   Type           Power      Damage    Failure   Level
 Necrotise                Necr           0%         1d4       83%         1
 Vampiric Draining        Necr           0%         2d6       99%         3
 Agony                    Necr           0%         N/A       100%        5


Dungeon Overview and Level Annotations

Branches:
Dungeon (5/15)             Temple (0/1) D:4

Altars:
Gozag
Hepliaklqana
Okawaru
Qazlal
Ru
Sif Muna
Trog
Uskayaw
Zin


Innate Abilities, Weirdness & Mutations

You are completely covered in rugged brown scales. (AC +3, +7% HP)
Armour fits poorly on your strangely shaped body.
You have a long armoured tail.
You roll when moving toward enemies. (Rampage)
Your long tongue fully drains potion bottles. (2x potion effects)
Your tongue gives you trouble enunciating. (1.5x scroll delay)
Your tail ends in a venomous barb.
Your mind is acute. (Int +4, Str/Dex -1)
You are strong-willed. (Will+)
You occasionally lose the ability to drink potions when taking damage.


Message History

Something unexpectedly blocked you, preventing you from rolling!
You hit something but do no damage.
You feel very sick. You block something's attack.
Something unexpectedly blocked you, preventing you from rolling!
You slash something!
You feel very sick. Something hits you but does no damage.
You are lethally poisoned!
Something unexpectedly blocked you, preventing you from rolling!
You barely miss something.
* * * LOW HITPOINT WARNING * * *
You feel very sick.
An orc wizard appears from thin air!
Reactivating autopickup.
The orc wizard hits you but does no damage.
You are more poisoned.
You slash the orc wizard!
You kill the orc wizard!
Qazlal accepts your kill.
* * * LOW HITPOINT WARNING * * *
You feel extremely sick. The hound misses you.
Your Armour skill increases to level 6!
You slurp down every last drop of the inky potion!
It was a potion of degeneration.
There was something very wrong with that liquid.
You feel weakened.
You feel dopey.
You feel clumsy.
* * * LOW HITPOINT WARNING * * *
You feel very sick.
You hear a shout!
The hound bites you.
* * * LOW HITPOINT WARNING * * *
You slurp down every last drop of the silvery potion!
It was a potion of mutation.
You feel extremely strange.
You feel robust.
You feel strong-willed.
You feel frail.
You occasionally lose the ability to drink potions when taking damage.
You feel clever.
A venomous barb forms on the end of your tail.
You die...

. ..... ...... .#.o.
..oO ...############..#
..........)......# #
...####....#####.#.##.##
.......<...'@ho)........
...###.....#####.#.##...
#.##### #...# ... ##....
#... #.### #... .# #...
.# #.). #


You could see a hound and an orc.

Vanquished Creatures
  Grinder (D:3)
  2 ogres
  Blork the orc (D:5)
  2 jellies (D:4)
  An orc priest (D:5)
  An orc wizard (D:5)
  Natasha (twice) (D:3)
  2 iguanas (D:4)
  2 adders
  5 worms
  4 dart slugs
  3 orcs (D:3)
  3 ball pythons
  3 bats
  5 endoplasms
  2 giant cockroaches
  4 goblins
  7 hobgoblins
  8 kobolds
  A quokka (D:2)
  3 frilled lizards
  2 rats (D:3)
64 creatures vanquished.

Notes
Turn   | Place    | Note
-------+----------+-------------------------------------------
     0 | D:1      | Sabo the Armataur Fighter began the quest for the Orb.
     0 | D:1      | Reached XP level 1. HP: 19/19 MP: 1/1
   329 | D:1      | Found a faded altar of an unknown god.
   340 | D:1      | Prayed at the altar of an unknown god.
   340 | D:1      | Became a worshipper of Qazlal Stormbringer
   340 | D:1      | Reached * piety under Qazlal
   387 | D:1      | Reached XP level 2. HP: 26/26 MP: 2/2
   939 | D:2      | Reached skill level 4 in Armour
  1165 | D:2      | Reached XP level 3. HP: 31/32 MP: 3/3
  1978 | D:3      | Noticed Natasha
  1983 | D:3      | Killed Natasha
  1984 | D:3      | Reached XP level 4. HP: 16/40 MP: 4/4
  2117 | D:3      | Noticed Grinder
  2126 | D:3      | HP: 2/40 [Grinder (3)]
  2133 | D:3      | Paralysed by Grinder for 5 turns
  2138 | D:3      | Killed Grinder
  2139 | D:3      | Reached skill level 5 in Armour
  2139 | D:3      | Reached skill level 1 in Stealth
  2139 | D:3      | Reached XP level 5. HP: 6/48 MP: 5/5
  2423 | D:3      | Noticed an ogre
  2430 | D:3      | Killed an ogre
  2431 | D:3      | Reached XP level 6. HP: 35/54 MP: 6/6
  2723 | D:3      | Found an iron altar of Okawaru.
  2741 | D:3      | Found a bloodstained altar of Trog.
  2830 | D:3      | Noticed Natasha
  2834 | D:3      | Killed Natasha
  2920 | D:3      | Reached skill level 1 in Dodging
  3095 | D:4      | Found a sacrificial altar of Ru.
  3189 | D:4      | Reached ** piety under Qazlal
  3770 | D:4      | Found a staircase to the Ecumenical Temple.
  3792 | D:4      | Reached XP level 7. HP: 60/60 MP: 7/7
  3979 | D:4      | Found a hazy altar of Hepliaklqana.
  3984 | D:4      | Found an opulent altar of Gozag.
  3989 | D:4      | Found a glowing silver altar of Zin.
  3993 | D:4      | Found a stormy altar of Qazlal.
  3996 | D:4      | Found a shimmering blue altar of Sif Muna.
  4002 | D:4      | Found a hide-covered altar of Uskayaw.
  4361 | D:5      | Entered Level 5 of the Dungeon
  4386 | D:5      | Noticed Blork the orc
  4402 | D:5      | HP: 1/60 [Blork the orc/+0 trident (6)]
  4413 | D:5      | Killed Blork the orc
  4414 | D:5      | Reached skill level 5 in Long Blades
  4423 | D:5      | Reached skill level 6 in Armour
  4423 | D:5      | HP: 3/62 [poisoned by an orc wizard]
  4424 | D:5      | Gained mutation: You are robust. (+10% HP) [potion of
                  | mutation]
  4424 | D:5      | Gained mutation: You are strong-willed. (Will+) [potion of
                  | mutation]
  4424 | D:5      | Lost mutation: You are robust. (+10% HP) [potion of
                  | mutation]
  4424 | D:5      | Gained mutation: You occasionally lose the ability to drink
                  | potions when taking damage. [potion of mutation]
  4424 | D:5      | Gained mutation: Your mind is acute. (Int +4, Str/Dex -1)
                  | [potion of mutation]
  4424 | D:5      | Gained mutation: Your tail ends in a venomous barb. [potion
                  | of mutation]
  4424 | D:5      | Succumbed to an orc wizard's poison

Illustrated notes

Levels and vault maps discovered:
D:1:      lightli_arrival_statue_moat, layout_basic,
          hellmonk_ecumenical_altar_run_dry
D:2:      layout_basic
D:3:      layout_loops_cross, okawaru_gym_becter,
          nicolae_overflow_crystal_walls, grunt_decor_junction, uniq_grinder,
          uniq_natasha
D:4:      layout_layer_cave, nicolae_overflow_hallway_of_the_gods,
          lemuel_doored_altar, minmay_temple_entry_ruins
D:5:      layout_basic, mainiacjoe_overflow_alcove_2, uniq_blork_the_orc,
          uniq_edmund, uniq_ijyb

Skill      XL: |  1  2  3  4  5  6  7 |
---------------+----------------------+-----
Long Blades    | 2 3 4 5 |  5.1
Armour         | 4 5 6 |  6.1
Fighting       | 3 |  3.6
Stealth        | 1 |  1.6
Shields        | 4 |  4.4
Dodging        | 1 |  1.2
Throwing       | |  0.6

Action                   |  1- 3 |  4- 6 |  7- 9 || total
-------------------------+-------+-------+-------++-------
Melee: Long sword        |    85 |    69 |    37 ||   191
       Tailslap          |     8 |    10 |     5 ||    23
Throw: Dart              |       |     4 |       ||     4
  Use: Scroll            |     3 |     5 |       ||     8
       Potion            |       |     2 |     3 ||     5
Armor: Scale mail        |    26 |    17 |    15 ||    58
       Skin              |       |     3 |       ||     3
Dodge: Dodged            |    41 |    32 |    22 ||    95
Block: Buckler           |    21 |    12 |    13 ||    46

Table legend: (Time is in decaauts)
 A = Elapsed time spent in this place.
 B = Non-inter-level travel time spent in this place.
 C = Inter-level travel time spent in this place.
 D = Time resting spent in this place.
 E = Time spent auto-exploring this place.
 F = Levels seen in this place.
 G = Mean time per level.
                   A        B        C        D        E       F      G
               +--------+--------+--------+--------+--------+-----+--------+
         Total |   4476 |   4476 |      0 |    548 |      0 |   5 |  895.2 |
       Dungeon |   4476 |   4476 |      0 |    548 |      0 |   5 |  895.2 |
               +--------+--------+--------+--------+--------+-----+--------+

Top non-repeatable levels by time:
     D:4: 1364 daAuts
     D:3: 1171 daAuts
     D:2: 1100 daAuts
     D:1: 770 daAuts
     D:5: 68 daAuts
